 Dungeon Crawl Stone Soup version 0.30-a0-347-gf58ed5266c (webtiles) character file.

Game seed: 17638404757478983869

193 MrRokkomies the Trooper (level 5, -4/49 HPs)
             Began as an Armataur Gladiator on Nov 6, 2022.
             Slain by an ogre
             ... wielding a +0 giant club
              (19 damage)
             ... on level 4 of the Dungeon.
             The game lasted 00:06:04 (2612 turns).

MrRokkomies the Trooper (Armataur Gladiator)        Turns: 2612, Time: 00:06:05

Health: -4/49      AC:  7    Str: 21    XL:     5   Next: 44%
Magic:  5/5        EV: 10    Int:  9    God:
Gold:   263        SH:  0    Dex: 11    Spells: 4/4 levels left

rFire   . . .      SeeInvis .    a - +0 quarterstaff
rCold   + . .      Faith    .    (shield currently unavailable)
rNeg    . . .      Spirit   .    l - +0 leather armour {rC+}
rPois   .          Reflect  .    c - +1 helmet
rElec   .          Harm     .    (no cloak)
rCorr   .          Roll     +    (no gloves)
Will    .....                    (no barding)
Stlth   +.........               (no amulet)
HPRegen 0.28/turn                (no ring)
MPRegen 0.09/turn                (no ring)

@: invisible
A: large, rugged brown scales 3, deformed body, armoured tail, roll, long
tongue, awkward tongue
a: no special abilities


You were on level 4 of the Dungeon.
You visited 1 branch of the dungeon, and saw 4 of its levels.

You collected 263 gold pieces.

Inventory:

Hand Weapons
 a - a +0 quarterstaff (weapon)
Missiles
 d - 3 throwing nets
 e - a javelin
 k - 3 poisoned darts (quivered)
Armour
 b - a +0 leather armour
 c - a +1 helmet (worn)
 g - a +0 scale mail
 l - a +0 leather armour of cold resistance (worn)
Scrolls
 f - 2 scrolls of enchant armour
 n - a scroll of magic mapping
Potions
 h - a potion of curing
 i - 2 potions of brilliance
 j - 2 potions of cancellation
 m - a potion of attraction {unknown}
 o - a potion of invisibility
 p - a potion of heal wounds {unknown}


   Skills:
 * Level 3.9 Fighting
 - Level 2.6 Staves
 - Level 1.7 Throwing
 + Level 3.0 Armour
 + Level 3.0 Dodging


You had 4 spell levels left.
You didn't know any spells.
Your spell library contained the following spells:

 Spells                   Type           Power      Damage    Failure   Level
 Foxfire                  Conj/Fire      0%         2x1d4     43%         1
 Gell's Gravitas          Tloc           0%         N/A       80%         3
 Lesser Beckoning         Tloc           0%         N/A       80%         3
 Teleport Other           Tloc           0%         N/A       80%         3
 Blade Hands              Tmut           0%         N/A       100%        5
 Fireball                 Conj/Fire      0%         3d3       100%        5
 Irradiate                Conj/Tmut      0%         3d11      100%        5
 Starburst                Conj/Fire      0%         6d3       100%        6
 Dragon Form              Tmut           0%         N/A       100%        7


Dungeon Overview and Level Annotations

Branches:
Dungeon (4/15)
 Temple: D:4-7

Altars:


Innate Abilities, Weirdness & Mutations

You are completely covered in rugged brown scales. (AC +3, +7% HP)
Armour fits poorly on your strangely shaped body.
You have a long armoured tail.
You roll when moving toward enemies. (Rampage)
Your long tongue fully drains potion bottles. (2x potion effects)
Your tongue gives you trouble enunciating. (1.5x scroll delay)


Message History

An ogre comes into view. It is wielding a +0 giant club.
You barely miss the worm. The worm bites you but does no damage.
You hit the worm.
The worm is lightly wounded.
The worm bites you.
You sock the worm!
The worm is heavily wounded.
You sock the worm!
You kill the worm!
Your Armour skill increases to level 3!
You hit the ogre but do no damage.
Your tail-slap misses the ogre.
The ogre hits you with a +0 giant club!!
You thump the ogre!
The ogre is moderately wounded.
You barely miss the ogre.
The ogre is moderately wounded.
The ogre hits you with a +0 giant club!!
* * * LOW HITPOINT WARNING * * *
You are too injured to fight recklessly!
You are too injured to fight recklessly!
You are too injured to fight recklessly!
You slurp down every last drop of the 2 glowing cyan potions!
It was a potion of invisibility.
You fade into invisibility!
The ogre closely misses you.
You hit the ogre.
The ogre is moderately wounded.
The ogre barely misses you.
You barely miss the ogre.
The ogre is moderately wounded.
You hit the ogre but do no damage.
The ogre is moderately wounded.
The ogre barely misses you.
You hit the ogre.
The ogre is heavily wounded.
The ogre closely misses you.
You barely miss the ogre.
The ogre is heavily wounded.
The ogre hits you with a +0 giant club!!
You die...

... #.# ...
#.. . ..# .
#l# # #.#O# #.
#.#@# .#
#..#.#.####..#
#.....?......#
#............#
####.#.####...
#.#.# #.##
#.#.# #.#
#.#.# #.#
#.#.# #.#


You could see an ogre (unable to see you) and an iguana (unable to see you).

Vanquished Creatures
  Natasha (thrice) (D:3)
  An iguana (D:4)
  2 adders (D:2)
  3 worms
  2 dart slugs (D:1)
  3 orcs (D:3)
  5 ball pythons
  5 bats
  8 endoplasms
  2 giant cockroaches
  4 goblins
  7 hobgoblins
  2 jackals (D:2)
  5 kobolds
  A quokka (D:3)
  5 frilled lizards
  4 rats
62 creatures vanquished.

Vanquished Creatures (others)
  A fungus (D:2)
  2 plants (D:2)
3 creatures vanquished.

Grand Total: 65 creatures vanquished

Notes
Turn   | Place    | Note
-------+----------+-------------------------------------------
     0 | D:1      | MrRokkomies the Armataur Gladiator began the quest for the
                  | Orb.
     0 | D:1      | Reached XP level 1. HP: 18/18 MP: 1/1
   269 | D:1      | Reached XP level 2. HP: 24/25 MP: 2/2
   335 | D:1      | Reached skill level 1 in Armour
   804 | D:2      | Reached XP level 3. HP: 29/32 MP: 3/3
  1404 | D:2      | Found a faded altar of an unknown god.
  1498 | D:3      | Reached XP level 4. HP: 40/40 MP: 4/4
  1574 | D:3      | Noticed Natasha
  1586 | D:3      | Killed Natasha
  1810 | D:3      | Noticed Natasha
  1821 | D:3      | Killed Natasha
  1880 | D:3      | Noticed Natasha
  1888 | D:3      | Killed Natasha
  1889 | D:3      | Reached XP level 5. HP: 41/48 MP: 5/5
  2599 | D:4      | Noticed an ogre
  2612 | D:4      | Slain by an ogre

Illustrated notes

Levels and vault maps discovered:
D:1:      dpeg_arrival_oval, layout_basic, hangedman_glass_teeth
D:2:      layout_rooms, shapermc_ecumenical_altar_petra, serial_glass,
          glass_columns_c, glass_columns_a, grunt_ministairs_15,
          minmay_randomly_rotated_circles
D:3:      layout_loops_ring, roderic_roman_lattice, uniq_natasha
D:4:      layout_loops_ring, mainiacjoe_overflow_swirl

Skill      XL: |  1  2  3  4  5 |
---------------+----------------+-----
Fighting       | 2 3 |  3.9
Armour         | 1 2 3 |  3.0
Dodging        | 3 |  3.0
Staves         | |  2.6
Throwing       | |  1.7

Action                   |  1- 3 |  4- 6 || total
-------------------------+-------+-------++-------
Melee: Quarterstaff      |    90 |    79 ||   169
       Tailslap          |     6 |     6 ||    12
Throw: Dart              |       |     2 ||     2
  Use: Scroll            |     4 |     5 ||     9
       Potion            |       |     1 ||     1
 Stab: Sleeping          |     1 |       ||     1
Armor: Leather armour    |    27 |    18 ||    45
       Scale mail        |       |     2 ||     2
Dodge: Dodged            |    38 |    26 ||    64

Table legend: (Time is in decaauts)
 A = Elapsed time spent in this place.
 B = Non-inter-level travel time spent in this place.
 C = Inter-level travel time spent in this place.
 D = Time resting spent in this place.
 E = Time spent auto-exploring this place.
 F = Levels seen in this place.
 G = Mean time per level.
                   A        B        C        D        E       F      G
               +--------+--------+--------+--------+--------+-----+--------+
         Total |   2643 |   2544 |     99 |     76 |   2045 |   4 |  660.8 |
       Dungeon |   2643 |   2544 |     99 |     76 |   2045 |   4 |  660.8 |
               +--------+--------+--------+--------+--------+-----+--------+

Top non-repeatable levels by time:
     D:3: 936 daAuts
     D:1: 791 daAuts
     D:2: 665 daAuts
     D:4: 250 daAuts
